Map: Daybreak LE (Void)

Players

ActionJaxon

  • Race: Protoss Protoss
  • League: Diamond
  • Spawn Location: 1:00

Gorod - Winner!

  • Race: Zerg Zerg
  • League: Diamond
  • Spawn Location: 7:00

VOD

Have the link to the VOD?

Description

Time

  • Played on: Dec. 19, 2016, 8:46 a.m.
  • Length: 9:03
Show
View Real Time Build Order
Export as new Build Order

ActionJaxon Protoss 

Build Orders: Forge Fast Expand (FFE) 

Get SALT Encoding   

  12  0:00  Probe (Chrono Boost)  
  13  0:11  Probe (Chrono Boost)  
  14  0:18  Pylon  
  14  0:23  Probe (Chrono Boost)  
  15  0:37  Forge  
  15  0:44  Probe (Chrono Boost)  
  16  0:59  Pylon  
  16  1:05  Probe (Chrono Boost)  
  17  1:25  Probe (Chrono Boost)  
  17  1:36  Probe (Chrono Boost)  
  17  1:37  Nexus  
  17  1:43  Gateway  
  17  1:47  Probe (Chrono Boost)  
  18  1:56  Photon Cannon  
  18  1:59  Photon Cannon  
  18  2:02  Probe (Chrono Boost)  
  19  2:22  Photon Cannon  
  19  2:24  Probe (Chrono Boost)  
  20  2:31  Cybernetics Core  
  20  2:35  Probe (Chrono Boost)  
  20  2:36  Assimilator  
  21  2:37  Assimilator  
  21  2:45  Probe (Chrono Boost)  
  21  2:48  Probe (Chrono Boost)  
  23  2:56  Probe (Chrono Boost)  
  24  2:59  Probe (Chrono Boost)  
  24  3:04  Pylon  
  25  3:06  Probe (Chrono Boost)  
  25  3:09  Probe (Chrono Boost)  
  27  3:17  Probe (Chrono Boost)  
  28  3:20  Probe (Chrono Boost)  
  28  3:23  Assimilator  
  28  3:25  Assimilator  
  29  3:27  Probe (Chrono Boost)  
  29  3:30  Probe (Chrono Boost)  
  31  3:36  Stargate  
  31  3:38  Probe (Chrono Boost)  
  33  3:41  Probe (Chrono Boost)  
  33  3:50  Probe (Chrono Boost)  
  33  3:52  Probe (Chrono Boost)  
  35  4:01  Probe (Chrono Boost)  
  36  4:06  Stargate  
  36  4:10  Probe (Chrono Boost)  
  36  4:12  Stalker  
  39  4:22  Probe (Chrono Boost)  
  39  4:23  Probe (Chrono Boost)  
  43  4:32  Probe (Chrono Boost)  
  43  4:34  Oracle  
  45  4:55  Pylon  
  45  5:02  Pylon  
  45  5:04  Pylon  
  45  5:07  Pylon  
  45  5:13  Stargate  
  48  5:20  Protoss Air Weapons Level 1  
  45  5:26  Probe x2 (Chrono Boost)  
  47  5:30  Pylon  
  47  5:31  Pylon  
  47  5:33  Phoenix  
  47  5:41  Probe x2 (Chrono Boost)  
  51  6:17  Probe (Chrono Boost)  
  52  6:20  Fleet Beacon  
  50  7:06  Assimilator  
  50  7:08  Gateway  
  50  7:10  Assimilator  
  50  7:14  Pylon  
  50  7:17  Pylon  
  50  7:19  Pylon  
  50  7:21  Nexus  
  50  7:27  Graviton Catapult  
  68  7:44  Photon Cannon  
  68  7:46  Probe x2 (Chrono Boost)  
  68  7:47  Photon Cannon  
  68  7:50  Photon Cannon  
  70  7:52  Photon Cannon  
  70  8:00  Stargate  
  70  8:05  Probe x2 (Chrono Boost)  
  58  8:41  Pylon  
  58  8:42  Pylon  
  58  8:45  Pylon  
Show
View Real Time Build Order
Export as new Build Order

Gorod Zerg - Winner!

Build Orders: Pool First 

Get SALT Encoding   

  12  0:00  Drone  
  13  0:08  Drone  
  14  0:14  Extractor  
  14  0:15  Drone  
  15  0:44  Spawning Pool  
  15  0:49  Overlord  
  14  0:56  Drone, Extractor x2  
  14  0:57  Drone  
  16  1:07  Overlord  
  16  1:17  Drone  
  16  1:35  Queen  
  16  1:37  Zergling x2  
  16  1:38  Drone  
  19  2:04  Hatchery  
  18  2:10  Drone x2  
  18  2:15  Extractor  
  19  2:16  Drone  
  20  2:23  Drone  
  21  2:39  Drone  
  22  2:49  Drone  
  22  2:51  Drone  
  24  2:56  Hatchery  
  23  3:09  Drone x2  
  24  3:21  Metabolic Boost  
  24  3:23  Queen  
  24  3:26  Drone x3  
  29  3:34  Overlord  
  29  3:44  Zergling x6  
  32  3:51  Overlord  
  32  4:09  Queen  
  34  4:11  Drone x3  
  34  4:12  Drone x2  
  34  4:15  Extractor  
  38  4:24  Spore Crawler  
  38  4:26  Spore Crawler  
  38  4:28  Spore Crawler  
  35  4:32  Drone  
  35  4:33  Drone x2  
  38  4:42  Lair  
  38  4:44  Drone  
  39  4:45  Drone  
  39  4:56  Drone x4  
  39  4:57  Drone  
  39  4:59  Drone  
  45  5:14  Drone  
  45  5:15  Drone x2  
  48  5:22  Drone  
  48  5:23  Drone  
  48  5:26  Overlord x4  
  50  5:47  Zergling x2  
  50  5:48  Zergling x10, Extractor x2, Spire  
  53  6:04  Drone x3, Extractor  
  53  6:05  Drone x3  
  53  6:06  Extractor  
  57  6:15  Drone x3  
  57  6:16  Drone x8  
  61  6:48  Overlord  
  61  6:51  Drone x8  
  61  6:52  Drone x2  
  70  7:08  Overlord x2  
  70  7:09  Overlord  
  70  7:25  Mutalisk x2  
  70  7:26  Mutalisk x11  
  96  7:35  Zergling x4  
  98  7:43  Overlord  
  98  7:44  Overlord x2  
  98  8:01  Mutalisk x4  
  98  8:04  Zergling x14  
  109  8:42  Zergling x16  
  109  8:43  Zergling x12  
Tags
 
Add a new tag
Caveats
  • Supply blocks, unpowered buildings, or Contaminate may cause inaccurate times.
  • Supply counts are checked every 10 seconds.